 Dungeon Crawl Stone Soup version 0.17-a0-2220-g6fea741 (webtiles) character file.

1185 kosy22 the Ducker (level 8, 0/75 HPs)
             Began as a Troll Fighter on Oct 28, 2015.
             Was a Follower of Elyvilon.
             Succumbed to a killer bee's poison
             ... on level 7 of the Dungeon.
             The game lasted 00:11:14 (3883 turns).

kosy22 the Ducker (Troll Fighter)                   Turns: 3883, Time: 00:11:15

Health: 0/75       AC:  5    Str: 25 (27) XL:     8   Next: 19%
Magic:  7/7        EV: 16    Int:  4      God:    Elyvilon [*.....]
Gold:   239        SH:  9    Dex:  9      Spells: 0 memorised, 7 levels left

rFire  . . .     SeeInvis .       - Unarmed
rCold  . . .     Clarity  .     a - +0 robe
rNeg   + . .     SustAt   .     b - +0 shield
rPois  .         Gourm    +     (helmet restricted)
rElec  .         Spirit   .     (no cloak)
rCorr  .         Warding  .     (gloves unavailable)
rMut   .         Stasis   .     (boots unavailable)
MR     .....                    (no amulet)
Stlth  +.........               o - ring of positive energy
                                l - +6 ring of evasion

@: lethally poisoned (0 -> -4), not resistant to hostile enchantments, very
unstealthy
A: unfitting armour, claws 3, fast metabolism 3, gourmand, regeneration 2,
shaggy fur 1, tough skin 2
a: Lesser Healing, Divine Protection, Renounce Religion


You were on level 7 of the Dungeon.
You worshipped Elyvilon.
Elyvilon was aware of your devotion.
You were hungry.

You visited 1 branch of the dungeon, and saw 5 of its levels.
You also visited: Sewer.

You collected 239 gold pieces.

Inventory:

Missiles
 s - 7 poisoned needles
 w - 7 curare-tipped needles
Armour
 a - a +0 robe (worn)
 b - a +0 shield (worn)
Jewellery
 l - a +6 ring of evasion (left claw)
 o - a ring of positive energy (right claw)
Wands
 t - a wand of enslavement (1)
Scrolls
 g - a scroll of teleportation {unknown}
 h - a scroll of fog {unknown}
 i - 2 scrolls of enchant weapon {unknown}
 m - a scroll of amnesia {unknown}
 p - a scroll of magic mapping {unknown}
 q - a scroll of remove curse {unknown}
 r - a scroll of enchant armour {unknown}
 u - 2 scrolls of identify
 y - a scroll of recharging {unknown}
Potions
 c - a potion of might
 e - a potion of degeneration
 n - a potion of mutation {unknown}
 v - 2 potions of flight {unknown}
 z - a potion of lignification {unknown}
 B - a potion of haste {unknown}
Comestibles
 d - a bread ration
 f - a beef jerky
 x - 3 meat rations
 A - a fruit


   Skills:
 + Level 3.3 Fighting
 + Level 6.4 Dodging
 + Level 1.0 Stealth
 + Level 4.3 Shields
 + Level 4.2 Unarmed Combat


You had 7 spell levels left.
You didn't know any spells.

Dungeon Overview and Level Annotations

Branches:
Dungeon (7/15)             Temple (0/1) D:7

Altars:
Kikubaaqudgha
Ru
Sif Muna


Innate Abilities, Weirdness & Mutations

You are too large for most types of armour.
You have claws for hands.
Your metabolism is lightning-fast.
You like to eat raw meat.
You heal very quickly.
You are covered in fur (AC +1).
You have very tough skin (AC +2).


Message History

You enter the shallow water.
Moving in this stuff is going to be slow.
* * * LOW HITPOINT WARNING * * *
You feel very sick. The killer bee barely misses you.
You block the adder's attack. The killer bee barely misses you.
The adder completely misses you. The killer bee misses you.
* * * LOW HITPOINT WARNING * * *
You feel very sick. The killer bee barely misses you.
The crimson imp blinks!
The adder bites you but does no damage. You block the killer bee's attack.
The adder barely misses you.
Unknown command.
* * * LOW HITPOINT WARNING * * *
You feel sick. The killer bee completely misses you.
The killer bee closely misses you. You block the killer bee's attack.
You block the adder's attack. The killer bee closely misses you.
The killer bee closely misses you. The killer bee misses you.
The adder bites you but does no damage.
You die...

... #y# ..
#.# .
#.##########
#..........#
####..####.#
#..≈y§...#
#.≈Syy≈..#
####§≈y≈§§≈.#
....≈§§@≈§≈.#
####≈≈≈≈§≈§##
#.≈≈§≈≈.#
#$.≈§≈..#
#########


You could see 4 killer bees and an adder.

Vanquished Creatures
  Sigmund (D:2)
  The ghost of kosy22 the Caller, an amateur HOSu (D:3)
  2 phantoms (D:4)
  A big kobold (Sewer)
  2 killer bees (D:7)
  4 wights (D:7)
  A crimson imp (D:7)
  A hound (D:4)
  An orc priest (D:3)
  An orc wizard (D:7)
  7 adders
  2 river rats (D:3)
  7 gnolls
  An adder skeleton (D:7)
  An adder zombie (D:7)
  12 orcs
  13 bats
  7 giant cockroaches
  7 goblins
  7 hobgoblins
  4 jackals
  11 kobolds
  2 quokkas
  2 ball pythons (D:3)
  4 giant geckos
  A giant newt (D:2)
  A jackal skeleton (D:4)
  13 rats
117 creatures vanquished.

Notes
Turn   | Place    | Note
--------------------------------------------------------------
     0 | D:1      | kosy22 the Troll Fighter began the quest for the Orb.
     0 | D:1      | Reached XP level 1. HP: 22/22 MP: 0/0
   241 | D:1      | Reached XP level 2. HP: 29/29 MP: 1/1
   841 | D:1      | Reached XP level 3. HP: 31/36 MP: 2/2
   996 | D:1      | You fall through a shaft!
  1077 | D:2      | Reached skill level 3 in Dodging
  1356 | D:2      | Reached XP level 4. HP: 35/44 MP: 3/3
  1674 | D:2      | Noticed Sigmund
  1705 | D:2      | Killed Sigmund
  1705 | D:2      | Reached skill level 4 in Dodging
  1705 | D:2      | Reached XP level 5. HP: 45/50 MP: 4/4
  1861 | D:2      | Reached XP level 6. HP: 56/59 MP: 5/5
  1933 | D:3      | Found a glowing drain.
  2024 | Sewer    | Entered a sewer
  2124 | Sewer    | Reached skill level 5 in Dodging
  2211 | Sewer    | Found a white marble altar of Elyvilon.
  2294 | Sewer    | Became a worshipper of Elyvilon the Healer
  2392 | D:3      | Found a deep blue altar of Sif Muna.
  2606 | D:3      | Noticed kosy22's ghost (amateur HOSu)
  2620 | D:3      | Killed kosy22's ghost
  2620 | D:3      | Reached XP level 7. HP: 66/66 MP: 6/6
  3261 | D:4      | Reached * piety under Elyvilon
  3705 | D:4      | You fall through a shaft for 3 floors!
  3726 | D:7      | Found a sacrificial altar of Ru.
  3740 | D:7      | Reached skill level 1 in Stealth
  3767 | D:7      | Reached skill level 6 in Dodging
  3784 | D:7      | Reached XP level 8. HP: 59/75 MP: 7/7
  3832 | D:7      | Found an ancient bone altar of Kikubaaqudgha.
  3877 | D:7      | Found a staircase to the Ecumenical Temple.
  3880 | D:7      | HP: 3/75 [poisoned by a killer bee]
  3882 | D:7      | HP: 1/75 [poisoned by a killer bee]
  3883 | D:7      | Succumbed to a killer bee's poison

Vault maps used:
D:1:      sevenhm_arrival_forest_fort_large_2, minmay_cut_off
D:2:      minmay_mini_jars, uniq_sigmund
D:3:      led_sif_book, portal_sewer_entry_b
D:4:      marbit_many_paths, first_bread
D:7:      old_standard_altar, grunt_temple_overflow_open,
          minmay_temple_entry_mist, grunt_ministairs_6, the_bakery,
          minmay_misc_feat_pillars, uniq_pikel
Sewer:    sewer_kobolds

Action                   |  1- 3 |  4- 6 |  7- 9 || total
-------------------------+-------+-------+-------++-------
Melee: Unarmed           |   127 |   141 |   188 ||   456
  Use: Scroll            |     2 |       |       ||     2
       Potion            |       |       |     7 ||     7
  Eat: Chunk             |     7 |    15 |     2 ||    24
       Bread ration      |     1 |       |     1 ||     2
       Fruit             |       |       |     1 ||     1
